Workbook

Sheet ЛСР
B2: Локальный сметный расчет (ЛСР) №5
B3: Объект: «Комплексная застройка территории, расположенной в границах улиц: Тобольский тракт - Обход города Тюмени (мкр. Губернаторский). Многоэтажный жилой дом ГП-72.105» Секция 1
B4: Ведомость объемов работ и расхода материалов по работе: Устройство системы отопления и сопутствующим работам (согласно проекту шифр ОВ, стадия Р)
A6: № | B6: Наименование | C6: Артикул, марка, производитель | D6: Характеристика | E6: Ед. изм. | F6: Норма расхода | G6: Секция 1 | H6: Количество | I6: Цена за ед., руб | J6: Сумма, руб | K6: Примечание | L6: Форма закупа материала
A8: 11 | B8: Внутренние инженерные сети
A9: 11.04 | B9: Устройство системы отопления | J9: =SUM($J$239,$J$249,$J$79,$J$10) -> 0
A10: 11.04.02 | B10: Устройство стояка для горизонтальной системы отопления | J10: =SUM($J$11) -> 0
A11: 11.04.02.00 | B11: Устройство стояка для горизонтальной системы отопления | J11: =SUM(,$J$75,$J$73,$J$68,$J$66,$J$64,$J$62,$J$60,$J$52,$J$50,$J$46,$J$44,$J$40,$J$38,$J$34,$J$32,$J$28,$J$26,$J$24,$J$22,$J$20,$J$18,$J$16,$J$14,$J$12) -> 0
B12: Работы: | J12: =SUM($J$13) -> 0
B13: Бурение отверстий Ø60 | E13: шт | G13: 6 | H13: =SUM($G$13:$G$13) -> 6 | I13: {=INDEX(Р[Цена за ед., руб],MATCH(1,IF(($B13=Р[Наименование])*($K13=Р[Примечание]),{1},($B13=Р[Наименование])*($K13=Р[Примечание])),0))} -> 0 | J13: =ROUND($H$13*$I$13,2) -> 0
B14: Работы: | J14: =SUM($J$15) -> 0
B15: Бурение отверстий до 120мм | E15: шт | G15: 133 | H15: =SUM($G$15:$G$15) -> 133 | I15: {=INDEX(Р[Цена за ед., руб],MATCH(1,IF(($B15=Р[Наименование])*($K15=Р[Примечание]),{1},($B15=Р[Наименование])*($K15=Р[Примечание])),0))} -> 0 | J15: =ROUND($H$15*$I$15,2) -> 0
B16: Работы: | J16: =SUM($J$17) -> 0
B17: Бурение отверстий до 80мм | E17: шт | G17: 41 | H17: =SUM($G$17:$G$17) -> 41 | I17: {=INDEX(Р[Цена за ед., руб],MATCH(1,IF(($B17=Р[Наименование])*($K17=Р[Примечание]),{1},($B17=Р[Наименование])*($K17=Р[Примечание])),0))} -> 0 | J17: =ROUND($H$17*$I$17,2) -> 0
B18: Работы: | J18: =SUM($J$19) -> 0
B19: Монтаж автоматического воздухоотводчика | E19: шт | G19: 11 | H19: =SUM($G$19:$G$19) -> 11 | I19: {=INDEX(Р[Цена за ед., руб],MATCH(1,IF(($B19=Р[Наименование])*($K19=Р[Примечание]),{1},($B19=Р[Наименование])*($K19=Р[Примечание])),0))} -> 0 | J19: =ROUND($H$19*$I$19,2) -> 0
B20: Материалы: | J20: =SUM($J$21) -> 0
A21: 1 | B21: Воздухоотводчик | C21: Valtec | D21: автоматический Ду-15 10bar | E21: шт | G21: 11 | H21: =SUM($G$21:$G$21) -> 11 | I21: {=INDEX(М[Цена за ед., руб],MATCH(1,IF(($B21=М[Наим.])*($C21=М[Артикул, марка, произв.])*($D21=М[Хар-ка])*($K21=М[Прим.]),{1},($B21=М[Наим.])*($C21=М[Артикул, марка, произв.])*($D21=М[Хар-ка])*($K21=М[Прим.])),0))} -> 0 | J21: =ROUND($H$21*$I$21,2) -> 0 | L21: {=INDEX(М[Форма закупа],MATCH(1,IF(($B21=М[Наим.])*($C21=М[Артикул, марка, произв.])*($D21=М[Хар-ка])*($K21=М[Прим.]),{1},($B21=М[Наим.])*($C21=М[Артикул, марка, произв.])*($D21=М[Хар-ка])*($K21=М[Прим.])),0))} -> 0
B22: Работы: | J22: =SUM($J$23) -> 0
B23: Монтаж клапана (фланцевые, резьбовые) до 32 мм | E23: шт | G23: 3 | H23: =SUM($G$23:$G$23) -> 3 | I23: {=INDEX(Р[Цена за ед., руб],MATCH(1,IF(($B23=Р[Наименование])*($K23=Р[Примечание]),{1},($B23=Р[Наименование])*($K23=Р[Примечание])),0))} -> 0 | J23: =ROUND($H$23*$I$23,2) -> 0
B24: Материалы: | J24: =SUM($J$25) -> 0
A25: 1 | B25: Клапан запорный | C25: РИДАН | D25: D-15 RLV прямой | E25: шт | G25: 3 | H25: =SUM($G$25:$G$25) -> 3 | I25: {=INDEX(М[Цена за ед., руб],MATCH(1,IF(($B25=М[Наим.])*($C25=М[Артикул, марка, произв.])*($D25=М[Хар-ка])*($K25=М[Прим.]),{1},($B25=М[Наим.])*($C25=М[Артикул, марка, произв.])*($D25=М[Хар-ка])*($K25=М[Прим.])),0))} -> 0 | J25: =ROUND($H$25*$I$25,2) -> 0 | L25: {=INDEX(М[Форма закупа],MATCH(1,IF(($B25=М[Наим.])*($C25=М[Артикул, марка, произв.])*($D25=М[Хар-ка])*($K25=М[Прим.]),{1},($B25=М[Наим.])*($C25=М[Артикул, марка, произв.])*($D25=М[Хар-ка])*($K25=М[Прим.])),0))} -> 0
B26: Работы: | J26: =SUM($J$27) -> 0
B27: Монтаж компенсатора сильфонного | E27: шт | G27: 24 | H27: =SUM($G$27:$G$27) -> 24 | I27: {=INDEX(Р[Цена за ед., руб],MATCH(1,IF(($B27=Р[Наименование])*($K27=Р[Примечание]),{1},($B27=Р[Наименование])*($K27=Р[Примечание])),0))} -> 0 | J27: =ROUND($H$27*$I$27,2) -> 0
B28: Материалы: | J28: =SUM($J$29:$J$31) -> 0
A29: 1 | B29: Компенсатор сильфонный | D29: с защитной гильзой под приварку с внутренней направляющей Ду-40 | E29: шт | G29: 6 | H29: =SUM($G$29:$G$29) -> 6 | I29: {=INDEX(М[Цена за ед., руб],MATCH(1,IF(($B29=М[Наим.])*($C29=М[Артикул, марка, произв.])*($D29=М[Хар-ка])*($K29=М[Прим.]),{1},($B29=М[Наим.])*($C29=М[Артикул, марка, произв.])*($D29=М[Хар-ка])*($K29=М[Прим.])),0))} -> 0 | J29: =ROUND($H$29*$I$29,2) -> 0 | L29: {=INDEX(М[Форма закупа],MATCH(1,IF(($B29=М[Наим.])*($C29=М[Артикул, марка, произв.])*($D29=М[Хар-ка])*($K29=М[Прим.]),{1},($B29=М[Наим.])*($C29=М[Артикул, марка, произв.])*($D29=М[Хар-ка])*($K29=М[Прим.])),0))} -> 0
A30: 2 | B30: Компенсатор сильфонный | D30: с защитной гильзой под приварку с внутренней направляющей Ду-50 | E30: шт | G30: 6 | H30: =SUM($G$30:$G$30) -> 6 | I30: {=INDEX(М[Цена за ед., руб],MATCH(1,IF(($B30=М[Наим.])*($C30=М[Артикул, марка, произв.])*($D30=М[Хар-ка])*($K30=М[Прим.]),{1},($B30=М[Наим.])*($C30=М[Артикул, марка, произв.])*($D30=М[Хар-ка])*($K30=М[Прим.])),0))} -> 0 | J30: =ROUND($H$30*$I$30,2) -> 0 | L30: {=INDEX(М[Форма закупа],MATCH(1,IF(($B30=М[Наим.])*($C30=М[Артикул, марка, произв.])*($D30=М[Хар-ка])*($K30=М[Прим.]),{1},($B30=М[Наим.])*($C30=М[Артикул, марка, произв.])*($D30=М[Хар-ка])*($K30=М[Прим.])),0))} -> 0
A31: 3 | B31: Компенсатор сильфонный | D31: с защитной гильзой под приварку с внутренней направляющей Ду-65 | E31: шт | G31: 12 | H31: =SUM($G$31:$G$31) -> 12 | I31: {=INDEX(М[Цена за ед., руб],MATCH(1,IF(($B31=М[Наим.])*($C31=М[Артикул, марка, произв.])*($D31=М[Хар-ка])*($K31=М[Прим.]),{1},($B31=М[Наим.])*($C31=М[Артикул, марка, произв.])*($D31=М[Хар-ка])*($K31=М[Прим.])),0))} -> 0 | J31: =ROUND($H$31*$I$31,2) -> 0 | L31: {=INDEX(М[Форма закупа],MATCH(1,IF(($B31=М[Наим.])*($C31=М[Артикул, марка, произв.])*($D31=М[Хар-ка])*($K31=М[Прим.]),{1},($B31=М[Наим.])*($C31=М[Артикул, марка, произв.])*($D31=М[Хар-ка])*($K31=М[Прим.])),0))} -> 0
B32: Работы: | J32: =SUM($J$33) -> 0
B33: Монтаж кранов (фланцевые, резьбовые) до 32 мм | E33: шт | G33: 18 | H33: =SUM($G$33:$G$33) -> 18 | I33: {=INDEX(Р[Цена за ед., руб],MATCH(1,IF(($B33=Р[Наименование])*($K33=Р[Примечание]),{1},($B33=Р[Наименование])*($K33=Р[Примечание])),0))} -> 0 | J33: =ROUND($H$33*$I$33,2) -> 0
B34: Материалы: | J34: =SUM($J$35:$J$37) -> 0
A35: 1 | B35: Кран шаровой | C35: Valtec | D35: Ду-15 полнопроходный с НГ | E35: шт | G35: 3 | H35: =SUM($G$35:$G$35) -> 3 | I35: {=INDEX(М[Цена за ед., руб],MATCH(1,IF(($B35=М[Наим.])*($C35=М[Артикул, марка, произв.])*($D35=М[Хар-ка])*($K35=М[Прим.]),{1},($B35=М[Наим.])*($C35=М[Артикул, марка, произв.])*($D35=М[Хар-ка])*($K35=М[Прим.])),0))} -> 0 | J35: =ROUND($H$35*$I$35,2) -> 0 | L35: {=INDEX(М[Форма закупа],MATCH(1,IF(($B35=М[Наим.])*($C35=М[Артикул, марка, произв.])*($D35=М[Хар-ка])*($K35=М[Прим.]),{1},($B35=М[Наим.])*($C35=М[Артикул, марка, произв.])*($D35=М[Хар-ка])*($K35=М[Прим.])),0))} -> 0
A36: 2 | B36: Кран шаровой | C36: Valtec | D36: Ду-25 полнопроходный с НГ | E36: шт | G36: 4 | H36: =SUM($G$36:$G$36) -> 4 | I36: {=INDEX(М[Цена за ед., руб],MATCH(1,IF(($B36=М[Наим.])*($C36=М[Артикул, марка, произв.])*($D36=М[Хар-ка])*($K36=М[Прим.]),{1},($B36=М[Наим.])*($C36=М[Артикул, марка, произв.])*($D36=М[Хар-ка])*($K36=М[Прим.])),0))} -> 0 | J36: =ROUND($H$36*$I$36,2) -> 0 | L36: {=INDEX(М[Форма закупа],MATCH(1,IF(($B36=М[Наим.])*($C36=М[Артикул, марка, произв.])*($D36=М[Хар-ка])*($K36=М[Прим.]),{1},($B36=М[Наим.])*($C36=М[Артикул, марка, произв.])*($D36=М[Хар-ка])*($K36=М[Прим.])),0))} -> 0
A37: 3 | B37: Кран шаровой | C37: Valtec | D37: ВР-ВР Ду-15 полнопроходной | E37: шт | G37: 11 | H37: =SUM($G$37:$G$37) -> 11 | I37: {=INDEX(М[Цена за ед., руб],MATCH(1,IF(($B37=М[Наим.])*($C37=М[Артикул, марка, произв.])*($D37=М[Хар-ка])*($K37=М[Прим.]),{1},($B37=М[Наим.])*($C37=М[Артикул, марка, произв.])*($D37=М[Хар-ка])*($K37=М[Прим.])),0))} -> 0 | J37: =ROUND($H$37*$I$37,2) -> 0 | L37: {=INDEX(М[Форма закупа],MATCH(1,IF(($B37=М[Наим.])*($C37=М[Артикул, марка, произв.])*($D37=М[Хар-ка])*($K37=М[Прим.]),{1},($B37=М[Наим.])*($C37=М[Артикул, марка, произв.])*($D37=М[Хар-ка])*($K37=М[Прим.])),0))} -> 0
B38: Работы: | J38: =SUM($J$39) -> 0
B39: Монтаж неподвижных опор | E39: шт | G39: 64 | H39: =SUM($G$39:$G$39) -> 64 | I39: {=INDEX(Р[Цена за ед., руб],MATCH(1,IF(($B39=Р[Наименование])*($K39=Р[Примечание]),{1},($B39=Р[Наименование])*($K39=Р[Примечание])),0))} -> 0 | J39: =ROUND($H$39*$I$39,2) -> 0
B40: Материалы: | J40: =SUM($J$41:$J$43) -> 0
A41: 1 | B41: Опора неподвижная | D41: стальная для стояков отопления Ду-76 | E41: шт | G41: 40 | H41: =SUM($G$41:$G$41) -> 40 | I41: {=INDEX(М[Цена за ед., руб],MATCH(1,IF(($B41=М[Наим.])*($C41=М[Артикул, марка, произв.])*($D41=М[Хар-ка])*($K41=М[Прим.]),{1},($B41=М[Наим.])*($C41=М[Артикул, марка, произв.])*($D41=М[Хар-ка])*($K41=М[Прим.])),0))} -> 0 | J41: =ROUND($H$41*$I$41,2) -> 0 | L41: {=INDEX(М[Форма закупа],MATCH(1,IF(($B41=М[Наим.])*($C41=М[Артикул, марка, произв.])*($D41=М[Хар-ка])*($K41=М[Прим.]),{1},($B41=М[Наим.])*($C41=М[Артикул, марка, произв.])*($D41=М[Хар-ка])*($K41=М[Прим.])),0))} -> 0
A42: 2 | B42: Опора неподвижная | D42: стальная для стояков отопления Ду-40 | E42: шт | G42: 12 | H42: =SUM($G$42:$G$42) -> 12 | I42: {=INDEX(М[Цена за ед., руб],MATCH(1,IF(($B42=М[Наим.])*($C42=М[Артикул, марка, произв.])*($D42=М[Хар-ка])*($K42=М[Прим.]),{1},($B42=М[Наим.])*($C42=М[Артикул, марка, произв.])*($D42=М[Хар-ка])*($K42=М[Прим.])),0))} -> 0 | J42: =ROUND($H$42*$I$42,2) -> 0 | L42: {=INDEX(М[Форма закупа],MATCH(1,IF(($B42=М[Наим.])*($C42=М[Артикул, марка, произв.])*($D42=М[Хар-ка])*($K42=М[Прим.]),{1},($B42=М[Наим.])*($C42=М[Артикул, марка, произв.])*($D42=М[Хар-ка])*($K42=М[Прим.])),0))} -> 0
A43: 3 | B43: Опора неподвижная | D43: стальная для стояков отопления Ду-57 | E43: шт | G43: 12 | H43: =SUM($G$43:$G$43) -> 12 | I43: {=INDEX(М[Цена за ед., руб],MATCH(1,IF(($B43=М[Наим.])*($C43=М[Артикул, марка, произв.])*($D43=М[Хар-ка])*($K43=М[Прим.]),{1},($B43=М[Наим.])*($C43=М[Артикул, марка, произв.])*($D43=М[Хар-ка])*($K43=М[Прим.])),0))} -> 0 | J43: =ROUND($H$43*$I$43,2) -> 0 | L43: {=INDEX(М[Форма закупа],MATCH(1,IF(($B43=М[Наим.])*($C43=М[Артикул, марка, произв.])*($D43=М[Хар-ка])*($K43=М[Прим.]),{1},($B43=М[Наим.])*($C43=М[Артикул, марка, произв.])*($D43=М[Хар-ка])*($K43=М[Прим.])),0))} -> 0
B44: Работы: | J44: =SUM($J$45) -> 0
B45: Монтаж счетчика | E45: шт | G45: 189 | H45: =SUM($G$45:$G$45) -> 189 | I45: {=INDEX(Р[Цена за ед., руб],MATCH(1,IF(($B45=Р[Наименование])*($K45=Р[Примечание]),{1},($B45=Р[Наименование])*($K45=Р[Примечание])),0))} -> 0 | J45: =ROUND($H$45*$I$45,2) -> 0
B46: Материалы: | J46: =SUM($J$47:$J$49) -> 0
A47: 1 | B47: Присоединители для счетчика | E47: компл. | G47: 189 | H47: =SUM($G$47:$G$47) -> 189 | I47: {=INDEX(М[Цена за ед., руб],MATCH(1,IF(($B47=М[Наим.])*($C47=М[Артикул, марка, произв.])*($D47=М[Хар-ка])*($K47=М[Прим.]),{1},($B47=М[Наим.])*($C47=М[Артикул, марка, произв.])*($D47=М[Хар-ка])*($K47=М[Прим.])),0))} -> 0 | J47: =ROUND($H$47*$I$47,2) -> 0 | L47: {=INDEX(М[Форма закупа],MATCH(1,IF(($B47=М[Наим.])*($C47=М[Артикул, марка, произв.])*($D47=М[Хар-ка])*($K47=М[Прим.]),{1},($B47=М[Наим.])*($C47=М[Артикул, марка, произв.])*($D47=М[Хар-ка])*($K47=М[Прим.])),0))} -> 0
A48: 2 | B48: Вставка ремонтная | D48: для счетчика Ду15 мм | E48: шт | G48: 189 | H48: =SUM($G$48:$G$48) -> 189 | I48: {=INDEX(М[Цена за ед., руб],MATCH(1,IF(($B48=М[Наим.])*($C48=М[Артикул, марка, произв.])*($D48=М[Хар-ка])*($K48=М[Прим.]),{1},($B48=М[Наим.])*($C48=М[Артикул, марка, произв.])*($D48=М[Хар-ка])*($K48=М[Прим.])),0))} -> 0 | J48: =ROUND($H$48*$I$48,2) -> 0 | L48: {=INDEX(М[Форма закупа],MATCH(1,IF(($B48=М[Наим.])*($C48=М[Артикул, марка, произв.])*($D48=М[Хар-ка])*($K48=М[Прим.]),{1},($B48=М[Наим.])*($C48=М[Артикул, марка, произв.])*($D48=М[Хар-ка])*($K48=М[Прим.])),0))} -> 0
A49: 3 | B49: Счетчик тепловой энергии | C49: Пульсар | D49: RS-485 Modbus Ду15 | E49: шт | G49: 189 | H49: =SUM($G$49:$G$49) -> 189 | I49: {=INDEX(М[Цена за ед., руб],MATCH(1,IF(($B49=М[Наим.])*($C49=М[Артикул, марка, произв.])*($D49=М[Хар-ка])*($K49=М[Прим.]),{1},($B49=М[Наим.])*($C49=М[Артикул, марка, произв.])*($D49=М[Хар-ка])*($K49=М[Прим.])),0))} -> 0 | J49: =ROUND($H$49*$I$49,2) -> 0 | L49: {=INDEX(М[Форма закупа],MATCH(1,IF(($B49=М[Наим.])*($C49=М[Артикул, марка, произв.])*($D49=М[Хар-ка])*($K49=М[Прим.]),{1},($B49=М[Наим.])*($C49=М[Артикул, марка, произв.])*($D49=М[Хар-ка])*($K49=М[Прим.])),0))} -> 0
B50: Работы: | J50: =SUM($J$51) -> 0
B51: Монтаж трубной изоляции | E51: м | G51: 725 | H51: =SUM($G$51:$G$51) -> 725 | I51: {=INDEX(Р[Цена за ед., руб],MATCH(1,IF(($B51=Р[Наименование])*($K51=Р[Примечание]),{1},($B51=Р[Наименование])*($K51=Р[Примечание])),0))} -> 0 | J51: =ROUND($H$51*$I$51,2) -> 0
B52: Материалы: | J52: =SUM($J$53:$J$59) -> 0
A53: 1 | B53: Теплоизоляция трубная | D53: 32х13мм вспененный полиэтилен | E53: пог. м | G53: 127 | H53: =SUM($G$53:$G$53) -> 127 | I53: {=INDEX(М[Цена за ед., руб],MATCH(1,IF(($B53=М[Наим.])*($C53=М[Артикул, марка, произв.])*($D53=М[Хар-ка])*($K53=М[Прим.]),{1},($B53=М[Наим.])*($C53=М[Артикул, марка, произв.])*($D53=М[Хар-ка])*($K53=М[Прим.])),0))} -> 0 | J53: =ROUND($H$53*$I$53,2) -> 0 | L53: {=INDEX(М[Форма закупа],MATCH(1,IF(($B53=М[Наим.])*($C53=М[Артикул, марка, произв.])*($D53=М[Хар-ка])*($K53=М[Прим.]),{1},($B53=М[Наим.])*($C53=М[Артикул, марка, произв.])*($D53=М[Хар-ка])*($K53=М[Прим.])),0))} -> 0
A54: 2 | B54: Теплоизоляция трубная | D54: 76х13мм вспененный полиэтилен | E54: пог. м | G54: 300 | H54: =SUM($G$54:$G$54) -> 300 | I54: {=INDEX(М[Цена за ед., руб],MATCH(1,IF(($B54=М[Наим.])*($C54=М[Артикул, марка, произв.])*($D54=М[Хар-ка])*($K54=М[Прим.]),{1},($B54=М[Наим.])*($C54=М[Артикул, марка, произв.])*($D54=М[Хар-ка])*($K54=М[Прим.])),0))} -> 0 | J54: =ROUND($H$54*$I$54,2) -> 0 | L54: {=INDEX(М[Форма закупа],MATCH(1,IF(($B54=М[Наим.])*($C54=М[Артикул, марка, произв.])*($D54=М[Хар-ка])*($K54=М[Прим.]),{1},($B54=М[Наим.])*($C54=М[Артикул, марка, произв.])*($D54=М[Хар-ка])*($K54=М[Прим.])),0))} -> 0
A55: 3 | B55: Теплоизоляция трубная | D55: 48х13мм вспененный полиэтилен | E55: пог. м | G55: 46 | H55: =SUM($G$55:$G$55) -> 46 | I55: {=INDEX(М[Цена за ед., руб],MATCH(1,IF(($B55=М[Наим.])*($C55=М[Артикул, марка, произв.])*($D55=М[Хар-ка])*($K55=М[Прим.]),{1},($B55=М[Наим.])*($C55=М[Артикул, марка, произв.])*($D55=М[Хар-ка])*($K55=М[Прим.])),0))} -> 0 | J55: =ROUND($H$55*$I$55,2) -> 0 | L55: {=INDEX(М[Форма закупа],MATCH(1,IF(($B55=М[Наим.])*($C55=М[Артикул, марка, произв.])*($D55=М[Хар-ка])*($K55=М[Прим.]),{1},($B55=М[Наим.])*($C55=М[Артикул, марка, произв.])*($D55=М[Хар-ка])*($K55=М[Прим.])),0))} -> 0
A56: 4 | B56: Теплоизоляция трубная | D56: 57х13мм вспененный полиэтилен | E56: пог. м | G56: 192 | H56: =SUM($G$56:$G$56) -> 192 | I56: {=INDEX(М[Цена за ед., руб],MATCH(1,IF(($B56=М[Наим.])*($C56=М[Артикул, марка, произв.])*($D56=М[Хар-ка])*($K56=М[Прим.]),{1},($B56=М[Наим.])*($C56=М[Артикул, марка, произв.])*($D56=М[Хар-ка])*($K56=М[Прим.])),0))} -> 0 | J56: =ROUND($H$56*$I$56,2) -> 0 | L56: {=INDEX(М[Форма закупа],MATCH(1,IF(($B56=М[Наим.])*($C56=М[Артикул, марка, произв.])*($D56=М[Хар-ка])*($K56=М[Прим.]),{1},($B56=М[Наим.])*($C56=М[Артикул, марка, произв.])*($D56=М[Хар-ка])*($K56=М[Прим.])),0))} -> 0
A57: 5 | B57: Теплоизоляция трубная | D57: 22х13мм вспененный полиэтилен | E57: пог. м | G57: 10 | H57: =SUM($G$57:$G$57) -> 10 | I57: {=INDEX(М[Цена за ед., руб],MATCH(1,IF(($B57=М[Наим.])*($C57=М[Артикул, марка, произв.])*($D57=М[Хар-ка])*($K57=М[Прим.]),{1},($B57=М[Наим.])*($C57=М[Артикул, марка, произв.])*($D57=М[Хар-ка])*($K57=М[Прим.])),0))} -> 0 | J57: =ROUND($H$57*$I$57,2) -> 0 | L57: {=INDEX(М[Форма закупа],MATCH(1,IF(($B57=М[Наим.])*($C57=М[Артикул, марка, произв.])*($D57=М[Хар-ка])*($K57=М[Прим.]),{1},($B57=М[Наим.])*($C57=М[Артикул, марка, произв.])*($D57=М[Хар-ка])*($K57=М[Прим.])),0))} -> 0
A58: 6 | B58: Теплоизоляция трубная | D58: 28х13мм вспененный полиэтилен | E58: пог. м | G58: 10 | H58: =SUM($G$58:$G$58) -> 10 | I58: {=INDEX(М[Цена за ед., руб],MATCH(1,IF(($B58=М[Наим.])*($C58=М[Артикул, марка, произв.])*($D58=М[Хар-ка])*($K58=М[Прим.]),{1},($B58=М[Наим.])*($C58=М[Артикул, марка, произв.])*($D58=М[Хар-ка])*($K58=М[Прим.])),0))} -> 0 | J58: =ROUND($H$58*$I$58,2) -> 0 | L58: {=INDEX(М[Форма закупа],MATCH(1,IF(($B58=М[Наим.])*($C58=М[Артикул, марка, произв.])*($D58=М[Хар-ка])*($K58=М[Прим.]),{1},($B58=М[Наим.])*($C58=М[Артикул, марка, произв.])*($D58=М[Хар-ка])*($K58=М[Прим.])),0))} -> 0
A59: 7 | B59: Теплоизоляция трубная | D59: 42х13мм вспененный полиэтилен | E59: пог. м | G59: 40 | H59: =SUM($G$59:$G$59) -> 40 | I59: {=INDEX(М[Цена за ед., руб],MATCH(1,IF(($B59=М[Наим.])*($C59=М[Артикул, марка, произв.])*($D59=М[Хар-ка])*($K59=М[Прим.]),{1},($B59=М[Наим.])*($C59=М[Артикул, марка, произв.])*($D59=М[Хар-ка])*($K59=М[Прим.])),0))} -> 0 | J59: =ROUND($H$59*$I$59,2) -> 0 | L59: {=INDEX(М[Форма закупа],MATCH(1,IF(($B59=М[Наим.])*($C59=М[Артикул, марка, произв.])*($D59=М[Хар-ка])*($K59=М[Прим.]),{1},($B59=М[Наим.])*($C59=М[Артикул, марка, произв.])*($D59=М[Хар-ка])*($K59=М[Прим.])),0))} -> 0
B60: Работы: | J60: =SUM($J$61) -> 0
B61: Монтаж фильтра | E61: шт | G61: 2 | H61: =SUM($G$61:$G$61) -> 2 | I61: {=INDEX(Р[Цена за ед., руб],MATCH(1,IF(($B61=Р[Наименование])*($K61=Р[Примечание]),{1},($B61=Р[Наименование])*($K61=Р[Примечание])),0))} -> 0 | J61: =ROUND($H$61*$I$61,2) -> 0
B62: Материалы: | J62: =SUM($J$63) -> 0
A63: 1 | B63: Фильтр сетчатый | C63: Valtec | D63: Ду-25 латунь | E63: шт | G63: 2 | H63: =SUM($G$63:$G$63) -> 2 | I63: {=INDEX(М[Цена за ед., руб],MATCH(1,IF(($B63=М[Наим.])*($C63=М[Артикул, марка, произв.])*($D63=М[Хар-ка])*($K63=М[Прим.]),{1},($B63=М[Наим.])*($C63=М[Артикул, марка, произв.])*($D63=М[Хар-ка])*($K63=М[Прим.])),0))} -> 0 | J63: =ROUND($H$63*$I$63,2) -> 0 | L63: {=INDEX(М[Форма закупа],MATCH(1,IF(($B63=М[Наим.])*($C63=М[Артикул, марка, произв.])*($D63=М[Хар-ка])*($K63=М[Прим.]),{1},($B63=М[Наим.])*($C63=М[Артикул, марка, произв.])*($D63=М[Хар-ка])*($K63=М[Прим.])),0))} -> 0
B64: Работы: | J64: =SUM($J$65) -> 0
B65: Пробивка отверстий Ø70 | E65: шт | G65: 317 | H65: =SUM($G$65:$G$65) -> 317 | I65: {=INDEX(Р[Цена за ед., руб],MATCH(1,IF(($B65=Р[Наименование])*($K65=Р[Примечание]),{1},($B65=Р[Наименование])*($K65=Р[Примечание])),0))} -> 0 | J65: =ROUND($H$65*$I$65,2) -> 0
B66: Работы: | J66: =SUM($J$67) -> 0
B67: Прокладка трубы стальной до 40 мм | E67: пог. м | G67: 228 | H67: =SUM($G$67:$G$67) -> 228 | I67: {=INDEX(Р[Цена за ед., руб],MATCH(1,IF(($B67=Р[Наименование])*($K67=Р[Примечание]),{1},($B67=Р[Наименование])*($K67=Р[Примечание])),0))} -> 0 | J67: =ROUND($H$67*$I$67,2) -> 0
B68: Материалы: | J68: =SUM($J$69:$J$72) -> 0
A69: 1 | B69: Труба водогазопроводная | D69: стальная D-15х2,8 СТ3 | E69: пог. м | G69: 10 | H69: =SUM($G$69:$G$69) -> 10 | I69: {=INDEX(М[Цена за ед., руб],MATCH(1,IF(($B69=М[Наим.])*($C69=М[Артикул, марка, произв.])*($D69=М[Хар-ка])*($K69=М[Прим.]),{1},($B69=М[Наим.])*($C69=М[Артикул, марка, произв.])*($D69=М[Хар-ка])*($K69=М[Прим.])),0))} -> 0 | J69: =ROUND($H$69*$I$69,2) -> 0 | L69: {=INDEX(М[Форма закупа],MATCH(1,IF(($B69=М[Наим.])*($C69=М[Артикул, марка, произв.])*($D69=М[Хар-ка])*($K69=М[Прим.]),{1},($B69=М[Наим.])*($C69=М[Артикул, марка, произв.])*($D69=М[Хар-ка])*($K69=М[Прим.])),0))} -> 0
A70: 2 | B70: Труба водогазопроводная | D70: стальная D-25х3,2 СТ3 | E70: пог. м | G70: 134 | H70: =SUM($G$70:$G$70) -> 134 | I70: {=INDEX(М[Цена за ед., руб],MATCH(1,IF(($B70=М[Наим.])*($C70=М[Артикул, марка, произв.])*($D70=М[Хар-ка])*($K70=М[Прим.]),{1},($B70=М[Наим.])*($C70=М[Артикул, марка, произв.])*($D70=М[Хар-ка])*($K70=М[Прим.])),0))} -> 0 | J70: =ROUND($H$70*$I$70,2) -> 0 | L70: {=INDEX(М[Форма закупа],MATCH(1,IF(($B70=М[Наим.])*($C70=М[Артикул, марка, произв.])*($D70=М[Хар-ка])*($K70=М[Прим.]),{1},($B70=М[Наим.])*($C70=М[Артикул, марка, произв.])*($D70=М[Хар-ка])*($K70=М[Прим.])),0))} -> 0
A71: 3 | B71: Труба водогазопроводная | D71: стальная D-32х3,2 СТ3 | E71: пог. м | G71: 43 | H71: =SUM($G$71:$G$71) -> 43 | I71: {=INDEX(М[Цена за ед., руб],MATCH(1,IF(($B71=М[Наим.])*($C71=М[Артикул, марка, произв.])*($D71=М[Хар-ка])*($K71=М[Прим.]),{1},($B71=М[Наим.])*($C71=М[Артикул, марка, произв.])*($D71=М[Хар-ка])*($K71=М[Прим.])),0))} -> 0 | J71: =ROUND($H$71*$I$71,2) -> 0 | L71: {=INDEX(М[Форма закупа],MATCH(1,IF(($B71=М[Наим.])*($C71=М[Артикул, марка, произв.])*($D71=М[Хар-ка])*($K71=М[Прим.]),{1},($B71=М[Наим.])*($C71=М[Артикул, марка, произв.])*($D71=М[Хар-ка])*($K71=М[Прим.])),0))} -> 0
A72: 4 | B72: Труба водогазопроводная | D72: стальная D-40х3,5 СТ3 | E72: пог. м | G72: 41 | H72: =SUM($G$72:$G$72) -> 41 | I72: {=INDEX(М[Цена за ед., руб],MATCH(1,IF(($B72=М[Наим.])*($C72=М[Артикул, марка, произв.])*($D72=М[Хар-ка])*($K72=М[Прим.]),{1},($B72=М[Наим.])*($C72=М[Артикул, марка, произв.])*($D72=М[Хар-ка])*($K72=М[Прим.])),0))} -> 0 | J72: =ROUND($H$72*$I$72,2) -> 0 | L72: {=INDEX(М[Форма закупа],MATCH(1,IF(($B72=М[Наим.])*($C72=М[Артикул, марка, произв.])*($D72=М[Хар-ка])*($K72=М[Прим.]),{1},($B72=М[Наим.])*($C72=М[Артикул, марка, произв.])*($D72=М[Хар-ка])*($K72=М[Прим.])),0))} -> 0
B73: Работы: | J73: =SUM($J$74) -> 0
B74: Прокладка трубы стальной от 57 мм | E74: пог. м | G74: 456 | H74: =SUM($G$74:$G$74) -> 456 | I74: {=INDEX(Р[Цена за ед., руб],MATCH(1,IF(($B74=Р[Наименование])*($K74=Р[Примечание]),{1},($B74=Р[Наименование])*($K74=Р[Примечание])),0))} -> 0 | J74: =ROUND($H$74*$I$74,2) -> 0
B75: Материалы: | J75: =SUM($J$76:$J$78) -> 0
A76: 1 | B76: Труба электросварная (пог.м.) | D76: стальная D-89х4,0 | E76: пог. м | G76: 33 | H76: =SUM($G$76:$G$76) -> 33 | I76: {=INDEX(М[Цена за ед., руб],MATCH(1,IF(($B76=М[Наим.])*($C76=М[Артикул, марка, произв.])*($D76=М[Хар-ка])*($K76=М[Прим.]),{1},($B76=М[Наим.])*($C76=М[Артикул, марка, произв.])*($D76=М[Хар-ка])*($K76=М[Прим.])),0))} -> 0 | J76: =ROUND($H$76*$I$76,2) -> 0 | L76: {=INDEX(М[Форма закупа],MATCH(1,IF(($B76=М[Наим.])*($C76=М[Артикул, марка, произв.])*($D76=М[Хар-ка])*($K76=М[Прим.]),{1},($B76=М[Наим.])*($C76=М[Артикул, марка, произв.])*($D76=М[Хар-ка])*($K76=М[Прим.])),0))} -> 0
A77: 2 | B77: Труба электросварная (пог.м.) | D77: стальная D-76х3,5 | E77: пог. м | G77: 311 | H77: =SUM($G$77:$G$77) -> 311 | I77: {=INDEX(М[Цена за ед., руб],MATCH(1,IF(($B77=М[Наим.])*($C77=М[Артикул, марка, произв.])*($D77=М[Хар-ка])*($K77=М[Прим.]),{1},($B77=М[Наим.])*($C77=М[Артикул, марка, произв.])*($D77=М[Хар-ка])*($K77=М[Прим.])),0))} -> 0 | J77: =ROUND($H$77*$I$77,2) -> 0 | L77: {=INDEX(М[Форма закупа],MATCH(1,IF(($B77=М[Наим.])*($C77=М[Артикул, марка, произв.])*($D77=М[Хар-ка])*($K77=М[Прим.]),{1},($B77=М[Наим.])*($C77=М[Артикул, марка, произв.])*($D77=М[Хар-ка])*($K77=М[Прим.])),0))} -> 0
A78: 3 | B78: Труба электросварная (пог.м.) | D78: стальная D-57х3,5 | E78: пог. м | G78: 112 | H78: =SUM($G$78:$G$78) -> 112 | I78: {=INDEX(М[Цена за ед., руб],MATCH(1,IF(($B78=М[Наим.])*($C78=М[Артикул, марка, произв.])*($D78=М[Хар-ка])*($K78=М[Прим.]),{1},($B78=М[Наим.])*($C78=М[Артикул, марка, произв.])*($D78=М[Хар-ка])*($K78=М[Прим.])),0))} -> 0 | J78: =ROUND($H$78*$I$78,2) -> 0 | L78: {=INDEX(М[Форма закупа],MATCH(1,IF(($B78=М[Наим.])*($C78=М[Артикул, марка, произв.])*($D78=М[Хар-ка])*($K78=М[Прим.]),{1},($B78=М[Наим.])*($C78=М[Артикул, марка, произв.])*($D78=М[Хар-ка])*($K78=М[Прим.])),0))} -> 0
A79: 11.04.03 | B79: Устройство отопления (горизонтальная разводка) | J79: =SUM($J$80) -> 0
A80: 11.04.03.00 | B80: Устройство отопления (горизонтальная разводка) | J80: =SUM($J$233,$J$231,$J$225,$J$223,$J$221,$J$219,$J$216,$J$214,$J$207,$J$205,$J$201,$J$199,$J$189,$J$187,$J$131,$J$129,$J$127,$J$125,$J$123,$J$121,$J$116,$J$114,$J$112,$J$110,$J$107,$J$105,$J$101,$J$99,$J$95,$J$93,$J$89,$J$87,$J$85,$J$83,$J$81,J175,J177,J182,J184) -> 0
B81: Работы: | J81: =SUM($J$82) -> 0
B82: Бурение отверстий до 120мм | E82: шт | G82: 18 | H82: =SUM($G$82:$G$82) -> 18 | I82: {=INDEX(Р[Цена за ед., руб],MATCH(1,IF(($B82=Р[Наименование])*($K82=Р[Примечание]),{1},($B82=Р[Наименование])*($K82=Р[Примечание])),0))} -> 0 | J82: =ROUND($H$82*$I$82,2) -> 0
B83: Работы: | J83: =SUM($J$84) -> 0
B84: Монтаж автоматического воздухоотводчика | E84: шт | G84: 34 | H84: =SUM($G$84:$G$84) -> 34 | I84: {=INDEX(Р[Цена за ед., руб],MATCH(1,IF(($B84=Р[Наименование])*($K84=Р[Примечание]),{1},($B84=Р[Наименование])*($K84=Р[Примечание])),0))} -> 0 | J84: =ROUND($H$84*$I$84,2) -> 0
B85: Материалы: | J85: =SUM($J$86) -> 0
A86: 1 | B86: Воздухоотводчик | C86: Valtec | D86: автоматический Ду-15 10bar | E86: шт | G86: 34 | H86: =SUM($G$86:$G$86) -> 34 | I86: {=INDEX(М[Цена за ед., руб],MATCH(1,IF(($B86=М[Наим.])*($C86=М[Артикул, марка, произв.])*($D86=М[Хар-ка])*($K86=М[Прим.]),{1},($B86=М[Наим.])*($C86=М[Артикул, марка, произв.])*($D86=М[Хар-ка])*($K86=М[Прим.])),0))} -> 0 | J86: =ROUND($H$86*$I$86,2) -> 0 | L86: {=INDEX(М[Форма закупа],MATCH(1,IF(($B86=М[Наим.])*($C86=М[Артикул, марка, произв.])*($D86=М[Хар-ка])*($K86=М[Прим.]),{1},($B86=М[Наим.])*($C86=М[Артикул, марка, произв.])*($D86=М[Хар-ка])*($K86=М[Прим.])),0))} -> 0
B87: Работы: | J87: =SUM($J$88) -> 0
B88: Монтаж запорной-регулирующей арматуры | E88: шт | G88: 618 | H88: =SUM($G$88:$G$88) -> 618 | I88: {=INDEX(Р[Цена за ед., руб],MATCH(1,IF(($B88=Р[Наименование])*($K88=Р[Примечание]),{1},($B88=Р[Наименование])*($K88=Р[Примечание])),0))} -> 0 | J88: =ROUND($H$88*$I$88,2) -> 0
B89: Материалы: | J89: =SUM($J$90:$J$92) -> 0
A90: 1 | B90: Запорно-регулирующая арматура | D90: в комплекте с нипелями Ф3/4*1/2 | E90: шт | G90: 618 | H90: =SUM($G$90:$G$90) -> 618 | I90: {=INDEX(М[Цена за ед., руб],MATCH(1,IF(($B90=М[Наим.])*($C90=М[Артикул, марка, произв.])*($D90=М[Хар-ка])*($K90=М[Прим.]),{1},($B90=М[Наим.])*($C90=М[Артикул, марка, произв.])*($D90=М[Хар-ка])*($K90=М[Прим.])),0))} -> 0 | J90: =ROUND($H$90*$I$90,2) -> 0 | L90: {=INDEX(М[Форма закупа],MATCH(1,IF(($B90=М[Наим.])*($C90=М[Артикул, марка, произв.])*($D90=М[Хар-ка])*($K90=М[Прим.]),{1},($B90=М[Наим.])*($C90=М[Артикул, марка, произв.])*($D90=М[Хар-ка])*($K90=М[Прим.])),0))} -> 0
A91: 2 | B91: Уголок для сшитого полиэтилена | D91: радиальный 16 PPSU | E91: шт | G91: 1236 | H91: =SUM($G$91:$G$91) -> 1236 | I91: {=INDEX(М[Цена за ед., руб],MATCH(1,IF(($B91=М[Наим.])*($C91=М[Артикул, марка, произв.])*($D91=М[Хар-ка])*($K91=М[Прим.]),{1},($B91=М[Наим.])*($C91=М[Артикул, марка, произв.])*($D91=М[Хар-ка])*($K91=М[Прим.])),0))} -> 0 | J91: =ROUND($H$91*$I$91,2) -> 0 | L91: {=INDEX(М[Форма закупа],MATCH(1,IF(($B91=М[Наим.])*($C91=М[Артикул, марка, произв.])*($D91=М[Хар-ка])*($K91=М[Прим.]),{1},($B91=М[Наим.])*($C91=М[Артикул, марка, произв.])*($D91=М[Хар-ка])*($K91=М[Прим.])),0))} -> 0
A92: 3 | B92: Евроконус | D92: сшитый полиэтилен 3/4x16 | E92: шт | G92: 1236 | H92: =SUM($G$92:$G$92) -> 1236 | I92: {=INDEX(М[Цена за ед., руб],MATCH(1,IF(($B92=М[Наим.])*($C92=М[Артикул, марка, произв.])*($D92=М[Хар-ка])*($K92=М[Прим.]),{1},($B92=М[Наим.])*($C92=М[Артикул, марка, произв.])*($D92=М[Хар-ка])*($K92=М[Прим.])),0))} -> 0 | J92: =ROUND($H$92*$I$92,2) -> 0 | L92: {=INDEX(М[Форма закупа],MATCH(1,IF(($B92=М[Наим.])*($C92=М[Артикул, марка, произв.])*($D92=М[Хар-ка])*($K92=М[Прим.]),{1},($B92=М[Наим.])*($C92=М[Артикул, марка, произв.])*($D92=М[Хар-ка])*($K92=М[Прим.])),0))} -> 0
B93: Работы: | J93: =SUM($J$94) -> 0
B94: Монтаж клапана (фланцевые, резьбовые) до 32 мм | E94: шт | G94: 17 | H94: =SUM($G$94:$G$94) -> 17 | I94: {=INDEX(Р[Цена за ед., руб],MATCH(1,IF(($B94=Р[Наименование])*($K94=Р[Примечание]),{1},($B94=Р[Наименование])*($K94=Р[Примечание])),0))} -> 0 | J94: =ROUND($H$94*$I$94,2) -> 0
B95: Материалы: | J95: =SUM($J$96:$J$98) -> 0
A96: 1 | B96: Присоединительные фитинги | D96: APT-R DN20 | E96: компл. | G96: 5 | H96: =SUM($G$96:$G$96) -> 5 | I96: {=INDEX(М[Цена за ед., руб],MATCH(1,IF(($B96=М[Наим.])*($C96=М[Артикул, марка, произв.])*($D96=М[Хар-ка])*($K96=М[Прим.]),{1},($B96=М[Наим.])*($C96=М[Артикул, марка, произв.])*($D96=М[Хар-ка])*($K96=М[Прим.])),0))} -> 0 | J96: =ROUND($H$96*$I$96,2) -> 0 | L96: {=INDEX(М[Форма закупа],MATCH(1,IF(($B96=М[Наим.])*($C96=М[Артикул, марка, произв.])*($D96=М[Хар-ка])*($K96=М[Прим.]),{1},($B96=М[Наим.])*($C96=М[Артикул, марка, произв.])*($D96=М[Хар-ка])*($K96=М[Прим.])),0))} -> 0
A97: 2 | B97: Клапан балансировочный | C97: Weser | D97: перепада давления автоматический APT-R с присоединителями Ду-20 | E97: шт | G97: 5 | H97: =SUM($G$97:$G$97) -> 5 | I97: {=INDEX(М[Цена за ед., руб],MATCH(1,IF(($B97=М[Наим.])*($C97=М[Артикул, марка, произв.])*($D97=М[Хар-ка])*($K97=М[Прим.]),{1},($B97=М[Наим.])*($C97=М[Артикул, марка, произв.])*($D97=М[Хар-ка])*($K97=М[Прим.])),0))} -> 0 | J97: =ROUND($H$97*$I$97,2) -> 0 | L97: {=INDEX(М[Форма закупа],MATCH(1,IF(($B97=М[Наим.])*($C97=М[Артикул, марка, произв.])*($D97=М[Хар-ка])*($K97=М[Прим.]),{1},($B97=М[Наим.])*($C97=М[Артикул, марка, произв.])*($D97=М[Хар-ка])*($K97=М[Прим.])),0))} -> 0
A98: 3 | B98: Клапан балансировочный | C98: Weser | D98: ручной MVT-R Ду-20 Ру-16бар | E98: шт | G98: 12 | H98: =SUM($G$98:$G$98) -> 12 | I98: {=INDEX(М[Цена за ед., руб],MATCH(1,IF(($B98=М[Наим.])*($C98=М[Артикул, марка, произв.])*($D98=М[Хар-ка])*($K98=М[Прим.]),{1},($B98=М[Наим.])*($C98=М[Артикул, марка, произв.])*($D98=М[Хар-ка])*($K98=М[Прим.])),0))} -> 0 | J98: =ROUND($H$98*$I$98,2) -> 0 | L98: {=INDEX(М[Форма закупа],MATCH(1,IF(($B98=М[Наим.])*($C98=М[Артикул, марка, произв.])*($D98=М[Хар-ка])*($K98=М[Прим.]),{1},($B98=М[Наим.])*($C98=М[Артикул, марка, произв.])*($D98=М[Хар-ка])*($K98=М[Прим.])),0))} -> 0
B99: Работы: | J99: =SUM($J$100) -> 0
B100: Монтаж коллектора | E100: шт | G100: 51 | H100: =SUM($G$100:$G$100) -> 51 | I100: {=INDEX(Р[Цена за ед., руб],MATCH(1,IF(($B100=Р[Наименование])*($K100=Р[Примечание]),{1},($B100=Р[Наименование])*($K100=Р[Примечание])),0))} -> 0 | J100: =ROUND($H$100*$I$100,2) -> 0
B101: Материалы: | J101: =SUM($J$102:$J$104) -> 0
A102: 1 | B102: Коллектор (в сборе) распределительный | D102: Д-50 с 4-мя выходами (диаметр подключения Ду25) | E102: шт | G102: 46 | H102: =SUM($G$102:$G$102) -> 46 | I102: {=INDEX(М[Цена за ед., руб],MATCH(1,IF(($B102=М[Наим.])*($C102=М[Артикул, марка, произв.])*($D102=М[Хар-ка])*($K102=М[Прим.]),{1},($B102=М[Наим.])*($C102=М[Артикул, марка, произв.])*($D102=М[Хар-ка])*($K102=М[Прим.])),0))} -> 0 | J102: =ROUND($H$102*$I$102,2) -> 0 | L102: {=INDEX(М[Форма закупа],MATCH(1,IF(($B102=М[Наим.])*($C102=М[Артикул, марка, произв.])*($D102=М[Хар-ка])*($K102=М[Прим.]),{1},($B102=М[Наим.])*($C102=М[Артикул, марка, произв.])*($D102=М[Хар-ка])*($K102=М[Прим.])),0))} -> 0
A103: 2 | B103: Коллектор (в сборе) распределительный | D103: Д-40 с 1-м выходом (диаметр подключения Ду20) | E103: шт | G103: 3 | H103: =SUM($G$103:$G$103) -> 3 | I103: {=INDEX(М[Цена за ед., руб],MATCH(1,IF(($B103=М[Наим.])*($C103=М[Артикул, марка, произв.])*($D103=М[Хар-ка])*($K103=М[Прим.]),{1},($B103=М[Наим.])*($C103=М[Артикул, марка, произв.])*($D103=М[Хар-ка])*($K103=М[Прим.])),0))} -> 0 | J103: =ROUND($H$103*$I$103,2) -> 0 | L103: {=INDEX(М[Форма закупа],MATCH(1,IF(($B103=М[Наим.])*($C103=М[Артикул, марка, произв.])*($D103=М[Хар-ка])*($K103=М[Прим.]),{1},($B103=М[Наим.])*($C103=М[Артикул, марка, произв.])*($D103=М[Хар-ка])*($K103=М[Прим.])),0))} -> 0
...

Sheet Работы
A1: Сводная ведомость объемов работ
A3: Наименование | B3: Ед. изм. | C3: Количество | D3: Цена за ед., руб | E3: Сумма, руб | F3: Примечание
A4: Бурение отверстий Ø60 | B4: шт | C4: 6 | E4: =ROUND(Р[[#This Row],[Количество]]*Р[[#This Row],[Цена за ед., руб]],2) -> 0
A5: Бурение отверстий до 120мм | B5: шт | C5: 151 | E5: =ROUND(Р[[#This Row],[Количество]]*Р[[#This Row],[Цена за ед., руб]],2) -> 0
A6: Бурение отверстий до 80мм | B6: шт | C6: 41 | E6: =ROUND(Р[[#This Row],[Количество]]*Р[[#This Row],[Цена за ед., руб]],2) -> 0
A7: Монтаж автоматического воздухоотводчика | B7: шт | C7: 45 | E7: =ROUND(Р[[#This Row],[Количество]]*Р[[#This Row],[Цена за ед., руб]],2) -> 0
A8: Монтаж клапана (фланцевые, резьбовые) до 32 мм | B8: шт | C8: 20 | E8: =ROUND(Р[[#This Row],[Количество]]*Р[[#This Row],[Цена за ед., руб]],2) -> 0
A9: Монтаж компенсатора сильфонного | B9: шт | C9: 24 | E9: =ROUND(Р[[#This Row],[Количество]]*Р[[#This Row],[Цена за ед., руб]],2) -> 0
A10: Монтаж кранов (фланцевые, резьбовые) до 32 мм | B10: шт | C10: 146 | E10: =ROUND(Р[[#This Row],[Количество]]*Р[[#This Row],[Цена за ед., руб]],2) -> 0
A11: Монтаж неподвижных опор | B11: шт | C11: 64 | E11: =ROUND(Р[[#This Row],[Количество]]*Р[[#This Row],[Цена за ед., руб]],2) -> 0
A12: Монтаж счетчика | B12: шт | C12: 189 | E12: =ROUND(Р[[#This Row],[Количество]]*Р[[#This Row],[Цена за ед., руб]],2) -> 0
A13: Монтаж трубной изоляции | B13: м | C13: 14329 | E13: =ROUND(Р[[#This Row],[Количество]]*Р[[#This Row],[Цена за ед., руб]],2) -> 0
A14: Монтаж фильтра | B14: шт | C14: 2 | E14: =ROUND(Р[[#This Row],[Количество]]*Р[[#This Row],[Цена за ед., руб]],2) -> 0
A15: Пробивка отверстий Ø70 | B15: шт | C15: 317 | E15: =ROUND(Р[[#This Row],[Количество]]*Р[[#This Row],[Цена за ед., руб]],2) -> 0
... A32: Прочие работы (навигация) | B32: компл. | C32: 1 | E32: =ROUND(Р[[#This Row],[Количество]]*Р[[#This Row],[Цена за ед., руб]],2) -> 0
A33: Итог | E33: =SUBTOTAL(109,Р[Сумма, руб]) -> 0
D35: Проверка: | E35: =ЛСР!J254-Р[[#Totals],[Сумма, руб]] -> 0

Sheet Материалы
A1: Сводная ведомость объемов материала
A3: Наим. | B3: Артикул, марка, произв. | C3: Хар-ка | D3: Ед. изм. | E3: Количество | F3: Цена за ед., руб | G3: Сумма, руб | H3: Прим. | I3: Форма закупа
A4: Запорно-регулирующая арматура | C4: в комплекте с нипелями Ф3/4*1/2 | D4: шт | E4: 618 | G4: =ROUND(М[[#This Row],[Количество]]*М[[#This Row],[Цена за ед., руб]],2) -> 0
A5: Уголок для сшитого полиэтилена | C5: радиальный 16 PPSU | D5: шт | E5: 1236 | G5: =ROUND(М[[#This Row],[Количество]]*М[[#This Row],[Цена за ед., руб]],2) -> 0
A6: Евроконус | C6: сшитый полиэтилен 3/4x16 | D6: шт | E6: 1236 | G6: =ROUND(М[[#This Row],[Количество]]*М[[#This Row],[Цена за ед., руб]],2) -> 0
A7: Термостатический элемент | C7: TR-84 | D7: шт | E7: 618 | G7: =ROUND(М[[#This Row],[Количество]]*М[[#This Row],[Цена за ед., руб]],2) -> 0
A8: Регистр отопления | C8: стальной панельный с нижним подключением 22 500х900 | D8: шт | E8: 2 | G8: =ROUND(М[[#This Row],[Количество]]*М[[#This Row],[Цена за ед., руб]],2) -> 0
A9: Регистр отопления | C9: из 4 гладких труб Ф100 длина 2500 | D9: шт | E9: 1 | G9: =ROUND(М[[#This Row],[Количество]]*М[[#This Row],[Цена за ед., руб]],2) -> 0
A10: Регистр отопления | C10: из 4 гладких труб Ф100 длина 2000 | D10: шт | E10: 1 | G10: =ROUND(М[[#This Row],[Количество]]*М[[#This Row],[Цена за ед., руб]],2) -> 0
A11: Регистр отопления | C11: из 4 гладких труб Ф100мм длина 1500м | D11: шт | E11: 2 | G11: =ROUND(М[[#This Row],[Количество]]*М[[#This Row],[Цена за ед., руб]],2) -> 0
A12: Труба гофрированная защитная | C12: Ø22 | D12: пог. м | E12: 765 | G12: =ROUND(М[[#This Row],[Количество]]*М[[#This Row],[Цена за ед., руб]],2) -> 0
A13: Труба гофрированная защитная | C13: Ø28 | D13: пог. м | E13: 120 | G13: =ROUND(М[[#This Row],[Количество]]*М[[#This Row],[Цена за ед., руб]],2) -> 0
A14: Труба гофрированная защитная | C14: Ø35 | D14: пог. м | E14: 90 | G14: =ROUND(М[[#This Row],[Количество]]*М[[#This Row],[Цена за ед., руб]],2) -> 0
A15: Клапан запорный | B15: РИДАН | C15: D-15 RLV прямой | D15: шт | E15: 3 | G15: =ROUND(М[[#This Row],[Количество]]*М[[#This Row],[Цена за ед., руб]],2) -> 0
A16: Присоединительные фитинги | C16: APT-R DN20 | D16: компл. | E16: 5 | G16: =ROUND(М[[#This Row],[Количество]]*М[[#This Row],[Цена за ед., руб]],2) -> 0
A17: Присоединители для счетчика | D17: компл. | E17: 189 | G17: =ROUND(М[[#This Row],[Количество]]*М[[#This Row],[Цена за ед., руб]],2) -> 0
A18: Плита для теплого пола полистирольная с фиксаторам | D18: м2 | E18: 80 | G18: =ROUND(М[[#This Row],[Количество]]*М[[#This Row],[Цена за ед., руб]],2) -> 0
A19: Вставка ремонтная | C19: для счетчика Ду15 мм | D19: шт | E19: 189 | G19: =ROUND(М[[#This Row],[Количество]]*М[[#This Row],[Цена за ед., руб]],2) -> 0
A20: Электроконвектор | C20: 2,0 кВт | D20: шт | E20: 1 | G20: =ROUND(М[[#This Row],[Количество]]*М[[#This Row],[Цена за ед., руб]],2) -> 0
A21: Электроконвектор | C21: 0.5 кВт | D21: шт | E21: 1 | G21: =ROUND(М[[#This Row],[Количество]]*М[[#This Row],[Цена за ед., руб]],2) -> 0
A22: Радиатор отопления | C22: стальной панельный с нижним подключением 22 500х1000 | D22: шт | E22: 18 | G22: =ROUND(М[[#This Row],[Количество]]*М[[#This Row],[Цена за ед., руб]],2) -> 0
A23: Радиатор отопления | C23: стальной панельный с нижним подключением 22 300х700 | D23: шт | E23: 1 | G23: =ROUND(М[[#This Row],[Количество]]*М[[#This Row],[Цена за ед., руб]],2) -> 0
A24: Радиатор отопления | C24: стальной панельный с нижним подключением 22 300х800 | D24: шт | E24: 1 | G24: =ROUND(М[[#This Row],[Количество]]*М[[#This Row],[Цена за ед., руб]],2) -> 0
A25: Радиатор отопления | C25: стальной панельный с нижним подключением 22 300х1000 | D25: шт | E25: 2 | G25: =ROUND(М[[#This Row],[Количество]]*М[[#This Row],[Цена за ед., руб]],2) -> 0
A26: Радиатор отопления | C26: стальной панельный с нижним подключением 21 400х800 | D26: шт | E26: 21 | G26: =ROUND(М[[#This Row],[Количество]]*М[[#This Row],[Цена за ед., руб]],2) -> 0
A27: Радиатор отопления | C27: стальной панельный с нижним подключением 21 400х1300 | D27: шт | E27: 4 | G27: =ROUND(М[[#This Row],[Количество]]*М[[#This Row],[Цена за ед., руб]],2) -> 0
A28: Радиатор отопления | C28: стальной панельный с нижним подключением 22 300х400 | D28: шт | E28: 1 | G28: =ROUND(М[[#This Row],[Количество]]*М[[#This Row],[Цена за ед., руб]],2) -> 0
A29: Радиатор отопления | C29: стальной панельный с нижним подключением 22 300х1200 | D29: шт | E29: 5 | G29: =ROUND(М[[#This Row],[Количество]]*М[[#This Row],[Цена за ед., руб]],2) -> 0
A30: Радиатор отопления | C30: стальной панельный с нижним подключением 22 300х1300 | D30: шт | E30: 1 | G30: =ROUND(М[[#This Row],[Количество]]*М[[#This Row],[Цена за ед., руб]],2) -> 0
... A79: Опора неподвижная | C79: стальная для стояков отопления Ду-57 | D79: шт | E79: 12 | G79: =ROUND(М[[#This Row],[Количество]]*М[[#This Row],[Цена за ед., руб]],2) -> 0
A80: Кран шаровой | B80: Valtec | C80: Ду-15 полнопроходный с НГ | D80: шт | E80: 3 | G80: =ROUND(М[[#This Row],[Количество]]*М[[#This Row],[Цена за ед., руб]],2) -> 0
A81: Кран шаровой | B81: Valtec | C81: Ду-20 полнопроходный с НГ | D81: шт | E81: 28 | G81: =ROUND(М[[#This Row],[Количество]]*М[[#This Row],[Цена за ед., руб]],2) -> 0
A82: Кран шаровой | B82: Valtec | C82: Ду-25 полнопроходный с НГ | D82: шт | E82: 8 | G82: =ROUND(М[[#This Row],[Количество]]*М[[#This Row],[Цена за ед., руб]],2) -> 0
A83: Кран шаровой | B83: LD | C83: вварной Ду-65 стальной | D83: шт | E83: 8 | G83: =ROUND(М[[#This Row],[Количество]]*М[[#This Row],[Цена за ед., руб]],2) -> 0
A84: Кран шаровой | B84: LD | C84: фланцевый Регула Ду-65 | D84: шт | E84: 4 | G84: =ROUND(М[[#This Row],[Количество]]*М[[#This Row],[Цена за ед., руб]],2) -> 0
A85: Кран шаровой | B85: Valtec | C85: ВР-ВР Ду-15 полнопроходной | D85: шт | E85: 91 | G85: =ROUND(М[[#This Row],[Количество]]*М[[#This Row],[Цена за ед., руб]],2) -> 0
A86: Кран шаровой | B86: Valtec | C86: ВР-ВР Ду-20 полнопроходной | D86: шт | E86: 16 | G86: =ROUND(М[[#This Row],[Количество]]*М[[#This Row],[Цена за ед., руб]],2) -> 0
A87: Воздухоотводчик | B87: Valtec | C87: автоматический Ду-15 10bar | D87: шт | E87: 45 | G87: =ROUND(М[[#This Row],[Количество]]*М[[#This Row],[Цена за ед., руб]],2) -> 0
A88: Труба сшитый полиэтилен | C88: DN-26х3,0 PN-10bar PEXа | D88: пог. м | E88: 1311 | G88: =ROUND(М[[#This Row],[Количество]]*М[[#This Row],[Цена за ед., руб]],2) -> 0
A89: Труба сшитый полиэтилен | C89: DN-16х2,0 PEXа | D89: пог. м | E89: 140 | G89: =ROUND(М[[#This Row],[Количество]]*М[[#This Row],[Цена за ед., руб]],2) -> 0
A90: Труба сшитый полиэтилен | C90: DN-20х2,0 PEXа | D90: пог. м | E90: 120 | G90: =ROUND(М[[#This Row],[Количество]]*М[[#This Row],[Цена за ед., руб]],2) -> 0
A91: Труба сшитый полиэтилен | C91: DN-26х3,0 PEXа | D91: пог. м | E91: 90 | G91: =ROUND(М[[#This Row],[Количество]]*М[[#This Row],[Цена за ед., руб]],2) -> 0
A92: Труба сшитый полиэтилен | C92: DN-20х2,8 PN-10bar PEXа | D92: пог. м | E92: 4692 | G92: =ROUND(М[[#This Row],[Количество]]*М[[#This Row],[Цена за ед., руб]],2) -> 0
A93: Труба сшитый полиэтилен | C93: DN-16х2,2 PN-10bar PEXа | D93: пог. м | E93: 7617 | G93: =ROUND(М[[#This Row],[Количество]]*М[[#This Row],[Цена за ед., руб]],2) -> 0
A94: Шкаф сантехнический коллекторный | C94: ххSTOUT ШРВ-5, либо аналог | D94: шт | E94: 2 | G94: =ROUND(М[[#This Row],[Количество]]*М[[#This Row],[Цена за ед., руб]],2) -> 0
A95: Коллектор (в сборе) распределительный | C95: Д-50 с 4-мя выходами (диаметр подключения Ду25) | D95: шт | E95: 46 | G95: =ROUND(М[[#This Row],[Количество]]*М[[#This Row],[Цена за ед., руб]],2) -> 0
A96: Коллектор (в сборе) распределительный | C96: Д-40 с 1-м выходом (диаметр подключения Ду20) | D96: шт | E96: 3 | G96: =ROUND(М[[#This Row],[Количество]]*М[[#This Row],[Цена за ед., руб]],2) -> 0
A97: Коллектор (в сборе) распределительный | C97: с 3-мя выходами для теплого пола с насосом, расходомерами и термостатическим клапаном,16 bar | D97: шт | E97: 1 | G97: =ROUND(М[[#This Row],[Количество]]*М[[#This Row],[Цена за ед., руб]],2) -> 0
A98: Коллектор (в сборе) распределительный | C98: с 4-мя выходами для теплого пола с насосом, расходомерами и термостатическим клапаном,16 bar | D98: шт | E98: 1 | G98: =ROUND(М[[#This Row],[Количество]]*М[[#This Row],[Цена за ед., руб]],2) -> 0
A99: Коллектор (в сборе) распределительный | C99: Д-40 с 1-м выходом (диаметр подключения Ду15) | D99: шт | E99: 2 | G99: =ROUND(М[[#This Row],[Количество]]*М[[#This Row],[Цена за ед., руб]],2) -> 0
A100: Фильтр сетчатый | B100: Valtec | C100: Ду-25 латунь | D100: шт | E100: 2 | G100: =ROUND(М[[#This Row],[Количество]]*М[[#This Row],[Цена за ед., руб]],2) -> 0
A101: Эмаль (кг.) | C101: ПФ-115 | D101: кг | E101: 180 | G101: =ROUND(М[[#This Row],[Количество]]*М[[#This Row],[Цена за ед., руб]],2) -> 0 | H101: Для навигации
A102: Кронштейн для радиаторов | C102: напольный Н-300мм | D102: шт | E102: 127 | G102: =ROUND(М[[#This Row],[Количество]]*М[[#This Row],[Цена за ед., руб]],2) -> 0
A103: Счетчик тепловой энергии | B103: Пульсар | C103: RS-485 Modbus Ду15 | D103: шт | E103: 189 | G103: =ROUND(М[[#This Row],[Количество]]*М[[#This Row],[Цена за ед., руб]],2) -> 0
A104: Клапан балансировочный | B104: Weser | C104: перепада давления автоматический APT-R с присоединителями Ду-20 | D104: шт | E104: 5 | G104: =ROUND(М[[#This Row],[Количество]]*М[[#This Row],[Цена за ед., руб]],2) -> 0
A105: Клапан балансировочный | B105: Weser | C105: ручной MVT-R Ду-20 Ру-16бар | D105: шт | E105: 12 | G105: =ROUND(М[[#This Row],[Количество]]*М[[#This Row],[Цена за ед., руб]],2) -> 0
A106: Теплоизоляция трубная | C106: 32х13мм вспененный полиэтилен | D106: пог. м | E106: 127 | G106: =ROUND(М[[#This Row],[Количество]]*М[[#This Row],[Цена за ед., руб]],2) -> 0
A107: Теплоизоляция трубная | C107: 76х13мм вспененный полиэтилен | D107: пог. м | E107: 300 | G107: =ROUND(М[[#This Row],[Количество]]*М[[#This Row],[Цена за ед., руб]],2) -> 0
A108: Теплоизоляция трубная | B108: K-FLEX | C108: 76х13мм вспененный полиэтилен | D108: пог. м | E108: 130 | G108: =ROUND(М[[#This Row],[Количество]]*М[[#This Row],[Цена за ед., руб]],2) -> 0
A109: Теплоизоляция трубная | B109: K-FLEX | C109: 89х13мм вспененный полиэтилен | D109: пог. м | E109: 30 | G109: =ROUND(М[[#This Row],[Количество]]*М[[#This Row],[Цена за ед., руб]],2) -> 0
A110: Теплоизоляция трубная | C110: 48х13мм вспененный полиэтилен | D110: пог. м | E110: 46 | G110: =ROUND(М[[#This Row],[Количество]]*М[[#This Row],[Цена за ед., руб]],2) -> 0
A111: Теплоизоляция трубная | C111: 57х13мм вспененный полиэтилен | D111: пог. м | E111: 192 | G111: =ROUND(М[[#This Row],[Количество]]*М[[#This Row],[Цена за ед., руб]],2) -> 0
A112: Теплоизоляция трубная | C112: 18х13мм вспененный полиэтилен | D112: пог. м | E112: 6992 | G112: =ROUND(М[[#This Row],[Количество]]*М[[#This Row],[Цена за ед., руб]],2) -> 0
A113: Теплоизоляция трубная | C113: 22х13мм вспененный полиэтилен | D113: пог. м | E113: 4702 | G113: =ROUND(М[[#This Row],[Количество]]*М[[#This Row],[Цена за ед., руб]],2) -> 0
A114: Теплоизоляция трубная | B114: K-FLEX | C114: 22х13мм вспененный полиэтилен | D114: пог. м | E114: 155 | G114: =ROUND(М[[#This Row],[Количество]]*М[[#This Row],[Цена за ед., руб]],2) -> 0
A115: Теплоизоляция трубная | C115: 28х13мм вспененный полиэтилен | D115: пог. м | E115: 1321 | G115: =ROUND(М[[#This Row],[Количество]]*М[[#This Row],[Цена за ед., руб]],2) -> 0
A116: Теплоизоляция трубная | B116: K-FLEX | C116: 28х13мм вспененный полиэтилен | D116: пог. м | E116: 120 | G116: =ROUND(М[[#This Row],[Количество]]*М[[#This Row],[Цена за ед., руб]],2) -> 0
A117: Теплоизоляция трубная | B117: K-FLEX | C117: 35х13мм вспененный полиэтилен | D117: пог. м | E117: 82 | G117: =ROUND(М[[#This Row],[Количество]]*М[[#This Row],[Цена за ед., руб]],2) -> 0
A118: Теплоизоляция трубная | C118: 42х13мм вспененный полиэтилен | D118: пог. м | E118: 40 | G118: =ROUND(М[[#This Row],[Количество]]*М[[#This Row],[Цена за ед., руб]],2) -> 0
A119: Теплоизоляция трубная | B119: K-FLEX | C119: 42х13мм вспененный полиэтилен | D119: пог. м | E119: 92 | G119: =ROUND(М[[#This Row],[Количество]]*М[[#This Row],[Цена за ед., руб]],2) -> 0
A120: Фитинги для ПЭ (сшитый) | D120: % | G120: =SUMIF(ЛСР!$B$6:$J$252,М[[#This Row],[Наим.]],ЛСР!$J$6:$J$252) -> 0 | H120: для всех разделов, расчитывается от стоимости материалов
A121: Фитинги для стальной трубы | D121: % | G121: =SUMIF(ЛСР!$B$6:$J$252,М[[#This Row],[Наим.]],ЛСР!$J$6:$J$252) -> 0 | H121: для всех разделов, расчитывается от стоимости материалов
A122: Прочие материалы | D122: % | G122: =SUMIF(ЛСР!$B$6:$J$252,М[[#This Row],[Наим.]],ЛСР!$J$6:$J$252) -> 0 | H122: для всех разделов, расчитывается от стоимости материалов
A123: Итог | G123: =SUBTOTAL(109,М[Сумма, руб]) -> 0
F125: Проверка: | G125: =ЛСР!J255-М[[#Totals],[Сумма, руб]] -> 0

Sheet ПараметрыЗагрузки
A1: ЛСР | B1: ЛСРГуид
A2: 72.105.01.11.04 Секция 1_Устройство системы отопления №1 | B2: 6ff6dce6-5268-11f0-8b58-a036bcbd010b
